 Dungeon Crawl Stone Soup version 0.29-a0-643-ga013cefcf8 (webtiles) character file.

Game seed: 13106420988053910184

4 happo123 the Caller (level 1, 0/14 HPs)
             Began as a Hill Orc Summoner on June 19, 2022.
             Slain by a goblin
             ... wielding a +0 club
              (4 damage)
             ... on level 1 of the Dungeon.
             The game lasted 00:01:25 (69 turns).

happo123 the Caller (Hill Orc Summoner)               Turns: 69, Time: 00:01:26

Health: 0/14       AC:  2    Str: 10    XL:     1   Next: 70%
Magic:  1/3        EV: 12    Int: 15    God:
Gold:   0          SH:  0    Dex: 11    Spells: 2/3 levels left

rFire   . . .      SeeInvis .   c - +0 hand axe
rCold   . . .      Faith    .   (no shield)
rNeg    . . .      Spirit   .   a - +0 robe
rPois   .          Reflect  .   (no helmet)
rElec   .          Harm     .   (no cloak)
rCorr   .          Rampage  .   (no gloves)
Will    .....                   (no boots)
Stlth   ++........              (no amulet)
HPRegen 0.04/turn               (no ring)
MPRegen 0.08/turn               (no ring)

@: no status effects
A: no striking features
a: no special abilities


You were on level 1 of the Dungeon.
You visited 1 branch of the dungeon, and saw 1 of its levels.

Inventory:

Hand Weapons
 c - a +0 hand axe (weapon)
Armour
 a - a +0 robe (worn)
Potions
 b - a potion of magic


   Skills:
 + Level 0.2 Fighting
 + Level 0.3 Axes
 + Level 1.6 Dodging
 + Level 1.6 Stealth
 * Level 1.7 Spellcasting
 * Level 4.0 Summonings


You had 2 spell levels left.
You knew the following spells:

 Your Spells              Type           Power      Damage    Failure   Level
a - Summon Small Mammal   Summ           52%        N/A       4%          1

Your spell library contained the following spells:

 Spells                   Type           Power      Damage    Failure   Level
 Call Imp                 Summ           13%        N/A       7%          2
 Call Canine Familiar     Summ           13%        N/A       13%         3
 Summon Guardian Golem    Hex/Summ       7%         N/A       30%         3
 Summon Lightning Spire   Summ/Air       7%         N/A       69%         4


Dungeon Overview and Level Annotations

Branches:
Dungeon (1/15)

Altars:


Message History

The bat misses you. The bat barely misses you.
Your bat misses the bat.
The bat hits your bat but does no damage.
Your bat hits the bat.
The bat hits your bat but does no damage.
You barely miss the bat.
The bat is severely wounded.
Your bat misses the bat. The bat misses you.
You swap places.
The bat barely misses you.
You swap places.
The bat attacks as you move away! The bat closely misses you.
Your bat barely misses the bat.
The bat closely misses your bat. x2
Your bat hits the bat. The bat closely misses your bat.
Your bat hits the bat.
The bat dies!
Things that are here:
a +0 club; a goblin corpse Your bat disappears in a puff of smoke!
A goblin comes into view. It is wielding a +0 club.
Casting: Summon Small Mammal (safe; 4% risk of failure)
Press: ? - help, Q - select action Dir - look around, f - activate
Casting: Summon Small Mammal (safe; 4% risk of failure)
Press: ? - help, Q - select action Dir - look around, f - activate The goblin completely misses your bat.
Your bat hits the goblin.
An endoplasm comes into view.
Your bat closely misses the goblin.
Your bat barely misses the goblin.
The goblin hits your quokka with a +0 club.
Your quokka bites the goblin.
Your bat barely misses the goblin.
The goblin misses your quokka.
Your quokka misses the goblin.
An endoplasm comes into view.
Found 9 gold pieces.
The endoplasm quivers.
Your bat barely misses the goblin.
Your quokka barely misses the goblin.
Your bat barely misses the goblin.
You closely miss the goblin.
The goblin is heavily wounded.
Your bat misses the goblin. Your quokka misses the goblin.
The goblin hits you with a +0 club.
You die...

########.. #.......$
......J.. #######
......... #.....#
........# #.....#
.......J#########.....#
......r...............#
....b.g@.########.....#
.........#............#
.........#†#####).....#
.........#.#.. #.#.####
.........#.#.#...#.#
#.######.#.#.#.###.# #
.................
#####.#...#.....#
#.#.##########...


You could see 2 endoplasms, a goblin (ally target), a friendly quokka (summoned)
and a friendly bat (summoned).

Vanquished Creatures
  A dart slug (D:1)
  A goblin (D:1)
2 creatures vanquished.

Vanquished Creatures (collateral kills)
  A bat (D:1)
1 creature vanquished.

Grand Total: 3 creatures vanquished

Notes
Turn   | Place    | Note
-------+----------+-------------------------------------------
     0 | D:1      | happo123 the Hill Orc Summoner began the quest for the Orb.
     0 | D:1      | Reached XP level 1. HP: 14/14 MP: 3/3
    69 | D:1      | Slain by a goblin

Illustrated notes

Levels and vault maps discovered:
D:1:      dpeg_arrival_simpleton_c, layout_basic,
          ebering_ecumenical_altar_abandoned

Action                   || total
-------------------------++-------
Melee: Hand axe          ||     9
 Cast: Summon Small Mamm ||     4
Armor: Robe              ||     6
Dodge: Dodged            ||    15

Table legend: (Time is in decaauts)
 A = Elapsed time spent in this place.
 B = Non-inter-level travel time spent in this place.
 C = Inter-level travel time spent in this place.
 D = Time resting spent in this place.
 E = Time spent auto-exploring this place.
 F = Levels seen in this place.
 G = Mean time per level.
                   A        B        C        D        E       F      G
               +--------+--------+--------+--------+--------+-----+--------+
         Total |     70 |     53 |     17 |      0 |      5 |   1 |   70.0 |
       Dungeon |     70 |     53 |     17 |      0 |      5 |   1 |   70.0 |
               +--------+--------+--------+--------+--------+-----+--------+

Top non-repeatable levels by time:
     D:1: 70 daAuts
